 Dungeon Crawl Stone Soup version 0.28.0-53-g5a82cb258f (webtiles) character file.

Game seed: 4677069912176900441

16 gobodom the Grave Robber (level 2, 0/17 HPs)
             Began as an Octopode Necromancer on June 23, 2022.
             Slain by a gnoll
             ... wielding a +0 spear
              (9 damage)
             ... on level 2 of the Dungeon.
             The game lasted 00:03:19 (1399 turns).

gobodom the Grave Robber (Octopode Necromancer)     Turns: 1399, Time: 00:03:20

Health: 0/17       AC:  1    Str:  7    XL:     2   Next: 58%
Magic:  2/5        EV: 13    Int: 17    God:
Gold:   37         SH:  0    Dex: 12    Spells: 3/5 levels left

rFire   . . .      SeeInvis .   b - +0 dagger
rCold   . . .      Faith    .   (no shield)
rNeg    . . .      Spirit   .   (helmet restricted)
rPois   .          Reflect  .   (no amulet)
rElec   .          Harm     .   (no ring)
rCorr   .          Rampage  .   (no ring)
Will    .....                   (no ring)
Stlth   +++.......              (no ring)
HPRegen 0.05/turn               (no ring)
MPRegen 0.09/turn               (no ring)
                                (no ring)
                                (no ring)

@: very slightly contaminated
A: almost no armour, amphibious, 8 rings, camouflage 1, gelatinous body 1,
(nimble swimmer 1), tentacles
a: no special abilities


You were on level 2 of the Dungeon.
You visited 1 branch of the dungeon, and saw 2 of its levels.

You collected 37 gold pieces.

Inventory:

Hand Weapons
 b - a +0 dagger (weapon)
 e - a +0 rapier
Missiles
 a - 3 poisoned darts
Scrolls
 c - a scroll of teleportation {unknown}
 g - a scroll of fog {unknown}
 h - a scroll of immolation {unknown}
Potions
 d - a potion of haste {unknown}
 f - a potion of brilliance {unknown}


   Skills:
 + Level 2.0 Dodging
 + Level 2.7 Stealth
 + Level 2.2 Spellcasting
 + Level 4.5 Necromancy


You had 3 spell levels left.
You knew the following spells:

 Your Spells              Type           Power      Damage    Failure   Level
a - Pain                  Necr           68%        1d7       3%          1
b - Animate Skeleton      Necr           34%        N/A       3%          1

Your spell library contained the following spells:

 Spells                   Type           Power      Damage    Failure   Level
 Vampiric Draining        Necr           17%        2d7       9%          3
 Animate Dead             Necr           8%         N/A       30%         4
 Agony                    Necr           17%        N/A       63%         5


Dungeon Overview and Level Annotations

Branches:
Dungeon (2/15)

Altars:


Innate Abilities, Weirdness & Mutations

You cannot wear most types of armour.
You are amphibious.
You can wear up to eight rings at the same time.
Your skin changes colour to match your surroundings (Stealth+).
Your rubbery body absorbs attacks. (AC +1, EV +1)
((You are camouflaged when in or above water. (Stealth+)))
You have tentacles for arms and can constrict up to eight enemies at once.


Message History

HP restored.
There is a stone staircase leading down here.
Found a stone staircase leading up.
A ball python comes into view.
Okay, then.
Memorise Animate Skeleton, consuming 1 spell level and leaving 3?
You start memorising the spell.
You continue memorising.
You finish memorising.
Spell assigned to 'b'.
The ball python hisses angrily.
The ball python writhes in agony.
You kill the ball python!
Casting: Pain (safe; 3% risk of failure)
Confirm with . or Enter, or press ? or * to list all spells.
You can't see any susceptible monsters within range! (Use Z to cast anyway.)
Casting: Pain (safe; 3% risk of failure)
Confirm with . or Enter, or press ? or * to list all spells.
You can't see any susceptible monsters within range! (Use Z to cast anyway.)
Casting: Pain (safe; 3% risk of failure)
Confirm with . or Enter, or press ? or * to list all spells.
You attempt to give life to the dead...
Before your eyes, flesh is ripped from the corpse!
The dead are slithering!
You swap places.
You now have 37 gold pieces (gained 14).
You swap places.
A gnoll comes into view. It is wielding a +0 spear.
The gnoll shouts!
A gnoll comes into view. It is wielding a +0 flail.
A hobgoblin comes into view.
A giant cockroach comes into view.
You miscast Pain.
You are very lightly contaminated with residual magic.
Nothing appears to happen.
The gnoll closely misses you.
The gnoll writhes in agony.
The gnoll hits you from afar with a +0 spear.
The gnoll hits your ball python skeleton with a +0 flail!
Your ball python skeleton is destroyed!
The giant cockroach writhes in agony.
The giant cockroach misses you.
The gnoll hits you from afar with a +0 spear!
Ouch! That really hurt!
You die...

... .. # #.## .#
..##.## #... .
#.g#.# #gg#.# #....#
#.@##### #.B....#
#..##..#########
+......#.......#
#......#.......#
#####...##.#.......#
...................#
..#.#......#.......#
#.##...#.#.......#


You could see 2 gnolls, a giant cockroach and a hobgoblin.

Vanquished Creatures
  A dart slug (D:1)
  2 ball pythons
  A bat (D:1)
  An endoplasm (D:1)
  2 hobgoblins (D:1)
  A quokka (D:2)
  4 kobolds (D:1)
  A rat (D:1)
13 creatures vanquished.

Notes
Turn   | Place    | Note
-------+----------+-------------------------------------------
     0 | D:1      | gobodom the Octopode Necromancer began the quest for the
                  | Orb.
     0 | D:1      | Reached XP level 1. HP: 11/11 MP: 3/3
   481 | D:1      | Reached XP level 2. HP: 13/17 MP: 0/5
  1351 | D:2      | Learned a level 1 spell: Animate Skeleton
  1399 | D:2      | Slain by a gnoll

Illustrated notes

Levels and vault maps discovered:
D:1:      sevenhm_arrival_forest_fort_large_2, layout_basic, nrook_uturn,
          minivault_25, amcnicky_mini_pool_small, minmay_misc_feat_five
D:2:      layout_loops_cross, minivault_25, minmay_split_cup_large

Action                   || total
-------------------------++-------
 Cast: Pain              ||    27
       Animate Skeleton  ||     1
Dodge: Dodged            ||     2
